Map: Ruins of Seras

Players

Kelazhur

  • Race: Terran Terran
  • League: Master

Nerchio - Winner!

  • Race: Zerg Zerg
  • League: Grandmaster

Event: Gauntlet Monday Night

VOD

Have the link to the VOD?

Description

Time

  • Played on: Jan. 4, 2016, 12:31 p.m.
  • Length: 5:31
Show
View Real Time Build Order
Export as new Build Order

Kelazhur Terran 

Build Orders:  

Get SALT Encoding   

  12  0:01  SCV  
  13  0:13  SCV  
  14  0:18  Supply Depot  
  14  0:25  SCV  
  15  0:39  SCV  
  15  0:40  Barracks  
  16  0:48  Refinery  
  16  0:51  SCV  
  17  1:04  SCV  
  18  1:16  SCV  
  19  1:28  Orbital Command  
  19  1:31  Barracks Reactor  
  19  1:42  Command Center  
  19  1:54  SCV  
  19  1:57  Supply Depot  
  20  2:06  SCV  
  20  2:08  Reaper x2  
  23  2:13  Refinery  
  23  2:18  SCV  
  24  2:30  SCV  
  25  2:41  Reaper x2  
  27  2:46  SCV  
  28  3:01  Orbital Command  
  28  3:02  SCV  
  28  3:04  Factory  
  29  3:16  SCV  
  29  3:18  Reaper x2  
  29  3:19  Command Center  
  32  3:34  SCV  
  31  3:40  SCV  
  32  3:46  SCV  
  33  3:53  Orbital Command  
  32  3:59  SCV  
  32  4:00  Starport  
  33  4:05  Hellion x2  
  33  4:09  Barracks Tech Lab  
  37  4:11  SCV  
  38  4:19  SCV  
  38  4:23  SCV  
  36  4:33  Hellion x2  
  37  4:39  SCV  
  37  4:40  SCV  
  24  4:53  SCV  
  24  4:56  Orbital Command  
  24  4:58  SCV  
  27  5:00  Hellion  
  27  5:01  Hellion  
  27  5:05  SCV  
  27  5:06  Armory  
  32  5:10  SCV  
  32  5:11  Marine  
  34  5:17  SCV  
Show
View Real Time Build Order
Export as new Build Order

Nerchio Zerg - Winner!

Build Orders: Hatch First 

Get SALT Encoding   

  12  0:01  Drone  
  13  0:12  Overlord  
  13  0:18  Drone  
  14  0:31  Drone x2  
  14  0:34  Drone  
  17  0:53  Hatchery  
  17  0:57  Drone  
  17  0:59  Drone  
  18  1:04  Extractor  
  17  1:16  Spawning Pool  
  16  1:19  Drone  
  16  1:22  Drone  
  18  1:28  Drone  
  19  1:38  Overlord  
  19  1:52  Drone  
  20  2:04  Queen  
  20  2:05  Metabolic Boost  
  20  2:08  Queen  
  22  2:09  Zergling x2  
  22  2:12  Drone  
  26  2:16  Drone  
  26  2:19  Drone  
  26  2:22  Drone  
  29  2:26  Drone  
  30  2:33  Drone  
  31  2:44  Hatchery  
  31  2:46  Zergling x2  
  31  2:48  Zergling x2  
  31  2:50  Zergling x2  
  33  2:54  Zergling x2  
  33  2:58  Zergling x2  
  33  3:05  Overlord  
  34  3:14  Zergling x4  
  36  3:20  Overlord  
  36  3:25  Zergling x12  
  42  3:35  Queen  
  42  3:38  Overlord  
  42  3:39  Overlord  
  44  3:48  Drone x3  
  47  3:49  Drone x2  
  49  3:56  Drone  
  49  4:00  Drone  
  49  4:01  Drone  
  52  4:06  Roach Warren  
  52  4:07  Drone  
  52  4:09  Drone  
  54  4:10  Drone  
  54  4:16  Extractor  
  53  4:18  Drone  
  53  4:19  Drone  
  53  4:20  Drone  
  56  4:30  Drone x4  
  57  4:31  Drone  
  55  4:43  Drone x3  
  54  4:49  Roach x3  
  54  4:52  Roach x2  
  63  4:58  Roach  
  65  5:03  Spore Crawler  
  65  5:04  Roach  
  65  5:06  Extractor  
  68  5:07  Drone  
  68  5:09  Drone  
Tags
 
Add a new tag
Caveats
  • Supply blocks, unpowered buildings, or Contaminate may cause inaccurate times.
  • Supply counts are checked every 10 seconds.